[Event "Titled Tuesday Blitz November 01 Early 2022"]
[White "Ronka, Erik"]
[Black "Rustemov, Alexander"]
[WhiteFideId "505080"]
[BlackFideId "4119002"]
[WhiteElo "2264"]
[BlackElo "2943"]
[Result "0-1"]
[Round "01"]
[TimeControl "180+1"]
[Date "2022.11.01"]
[WhiteClock "0:00:03"]
[BlackClock "0:00:11"]

1. e4 e6 2. d4 d5 3. Nc3 dxe4 4. Nxe4 Bd7 5. Nf3 Bc6 6. Bd3 Nd7 7. c3 Ngf6 8. Nxf6+ Nxf6 9. Bf4 Bd6 10. Ne5 Bxe5 11. Bxe5 Qd5 12. f3 O-O-O 13. Bxf6 gxf6 14. Be4 Qd6 15. Bxc6 Qxc6 16. Qe2 e5 17. dxe5 Rhe8 18. O-O Rxe5 19. Qc2 f5 20. Rae1 Red5 21. Re2 b6 22. h3 Kb7 23. Rfe1 R8d7 24. Qc1 a5 25. Qf4 Qc5+ 26. Kh2 Rd1 27. Re5 Qf2 28. Qxf5 Rxe1 29. Rxe1 Rd2 30. Qe4+ Kb8 31. Rg1 Rxb2 32. a4 Re2 33. Qxh7 Qxf3 34. Qg7 Kb7 35. Qd4 Qc6 36. h4 Re4 37. Qh8 Qxa4 38. g3 Re2+ 39. Rg2 Rxg2+ 40. Kxg2 Qc2+ 41. Kh3 a4 42. h5 a3 43. c4 Qb2 44. Qd8 a2 45. Qd5+ Ka7 46. Qc6 a1=Q 47. Qxc7+ Ka6 48. Qc8+ Ka5 49. Qa8+ Kb4 50. Qf8+ Kxc4 51. Qxf7+ Kd3 52. Qf3+ Kc2 53. Qe2+ Kb1 54. Qd1+ Qc1 55. Qb3+ Qab2 56. Qd3+ Qcc2 57. Qf1+ Ka2 58. Qa6+ Qa3 59. Qxb6 Qab3 60. Qa6+ Kb1 61. Qf6 Qbc4 62. h6 Q4e4 63. Qb6+ Kc1 64. Qf6 Qcg2# 0-1


[Site "https://www.chess.com"]

[Event "Titled Tuesday Blitz November 01 Early 2022"]
[White "Rosenberg, Evan S"]
[Black "Mekhitarian, Krikor Sevag"]
[WhiteFideId "2019299"]
[BlackFideId "2107660"]
[WhiteElo "2382"]
[BlackElo "2614"]
[Result "0-1"]
[Round "01"]
[TimeControl "180+1"]
[Date "2022.11.02"]
[WhiteClock "0:00:04"]
[BlackClock "0:00:27"]

1. d4 Nf6 2. Nf3 g6 3. Nc3 d5 4. Bf4 c6 5. h3 Nbd7 6. e3 Bg7 7. Be2 O-O 8. O-O Ne8 9. a4 Nd6 10. a5 f6 11. Bh2 e5 12. dxe5 fxe5 13. a6 Kh8 14. Nxd5 cxd5 15. Qxd5 Nb6 16. axb7 Bxb7 17. Qb3 Bd5 18. Qb4 Qe7 19. Rfd1 Rfd8 20. Bg3 Rac8 21. c3 h6 22. Qg4 Kh7 23. Nh4 Qf7 24. Rxa7 Qxa7 25. Qxg6+ Kh8 0-1


[Site "https://www.chess.com"]

[Event "Titled Tuesday Blitz November 01 Early 2022"]
[White "Safin, Robert"]
[Black "Schut, Han"]
[WhiteFideId "34189120"]
[BlackFideId "1005561"]
[WhiteElo "2219"]
[BlackElo "2024"]
[Result "0-1"]
[Round "01"]
[TimeControl "180+1"]
[Date "2022.11.02"]
[WhiteClock "0:00:01"]
[BlackClock "0:00:09"]

1. e4 c5 2. c3 g6 3. d4 cxd4 4. cxd4 d5 5. exd5 Nf6 6. Nc3 Nxd5 7. Qb3 Nb6 8. Be3 Bg7 9. Rd1 O-O 10. Be2 Nc6 11. d5 Ne5 12. h3 Qc7 13. f4 Ned7 14. Nf3 Nf6 15. O-O Bd7 16. Ne5 Rac8 17. a4 Bf5 18. g4 Be4 19. g5 Nfxd5 20. Bxb6 Qxb6+ 21. Qxb6 Nxb6 22. Nxe4 Nxa4 23. b3 Nc3 24. Nxc3 Rxc3 25. Bc4 Rxh3 26. Nxf7 Rxf7 27. Rd8+ Bf8 28. Re1 Kg7 29. Bxf7 Kxf7 30. Rd7 Rxb3 31. Kg2 a5 32. Rh1 Kg8 33. Rc1 Kf7 34. Rc8 a4 35. Rdd8 Bg7 36. Rd7 Rb2+ 37. Kf3 a3 38. Rcc7 Rb3+ 39. Kg4 Bf8 40. Rxb7 Re3 41. Ra7 Ke6 42. Rd8 Bg7 43. Rd2 Bb2 44. Rc2 Kd5 0-1


[Site "https://www.chess.com"]

[Event "Titled Tuesday Blitz November 01 Early 2022"]
[White "Sailer, Mike"]
[Black "Turutin, Alexander"]
[WhiteFideId "2012901"]
[BlackFideId "4180623"]
[WhiteElo "2109"]
[BlackElo "2402"]
[Result "1-0"]
[Round "01"]
[TimeControl "180+1"]
[Date "2022.11.02"]
[WhiteClock "0:00:33"]
[BlackClock "0:00:10"]

1. Nf3 Nf6 2. c4 g6 3. g3 Bg7 4. Bg2 O-O 5. O-O d6 6. Nc3 Nc6 7. Rb1 e5 8. d3 a5 9. a3 h6 10. b4 axb4 11. axb4 Re8 12. b5 Nd4 13. Nxd4 exd4 14. Nd5 Nxd5 15. Bxd5 Bh3 16. Re1 Qc8 17. Qc2 c6 18. bxc6 bxc6 19. Bf3 Ra6 20. Bf4 Qd7 21. Rb2 g5 22. Bd2 Bg4 23. Reb1 Bxf3 24. exf3 Qf5 25. Kg2 h5 26. h3 g4 27. hxg4 hxg4 28. fxg4 Qxg4 29. Bf4 Qg6 30. Rb8 Ra8 31. Rxa8 Rxa8 32. Qe2 d5 33. cxd5 cxd5 34. Qf3 Qf5 35. Rb5 Rd8 36. Rb8 Rxb8 37. Bxb8 Qe6 38. Bf4 1-0


[Site "https://www.chess.com"]

[Event "Titled Tuesday Blitz November 01 Early 2022"]
[White "Salem, A.R. Saleh"]
[Black "Krishnan, Varun"]
[WhiteFideId "9301348"]
[BlackFideId "5054508"]
[WhiteElo "2628"]
[BlackElo "2536"]
[Result "1-0"]
[Round "01"]
[TimeControl "180+1"]
[Date "2022.11.01"]
[WhiteClock "0:01:34"]
[BlackClock "0:00:46"]

1. d4 d5 2. c4 e6 3. Nc3 Be7 4. cxd5 exd5 5. Bf4 Nf6 6. e3 Bf5 7. Nge2 O-O 8. Ng3 Be6 9. Bd3 c6 10. h4 h6 11. Nf5 Bxf5 12. Bxf5 Bd6 13. Bxd6 Qxd6 14. g4 g6 15. Bd3 Nfd7 16. h5 Kg7 17. g5 hxg5 18. Qg4 Rh8 19. O-O-O Nf6 20. Qxg5 Nxh5 21. Rdg1 Kf8 22. f4 Nd7 23. f5 Qf6 24. fxg6 Qxg5 25. Rxg5 fxg6 26. Bxg6 Ndf6 27. Bxh5 Ke7 28. Rg7+ Kd6 29. Bf3 Rxh1+ 30. Bxh1 b5 31. e4 dxe4 32. Rg6 Ke7 33. Nxe4 Nxe4 34. Bxe4 Rd8 35. Bxc6 b4 36. d5 1-0


[Site "https://www.chess.com"]

[Event "Titled Tuesday Blitz November 01 Early 2022"]
[White "Sarkar, Justin"]
[Black "Pakleza, Zbigniew"]
[WhiteFideId "2010011"]
[BlackFideId "1119290"]
[WhiteElo "2250"]
[BlackElo "2411"]
[Result "0-1"]
[Round "01"]
[TimeControl "180+1"]
[Date "2022.11.02"]
[WhiteClock "0:00:01"]
[BlackClock "0:00:45"]

1. e4 d6 2. d4 Nf6 3. Nc3 c6 4. Nf3 Bg4 5. h3 Bh5 6. Be2 e6 7. O-O d5 8. exd5 cxd5 9. Bb5+ Nbd7 10. g4 Bg6 11. Ne5 a6 12. Bxd7+ Nxd7 13. Nxg6 hxg6 14. Kg2 Bd6 15. Qd3 Qh4 16. Ne2 g5 17. Rh1 g6 18. Ng1 Bf4 19. Nf3 Qh6 20. Bxf4 gxf4 21. h4 O-O-O 22. c4 dxc4 23. Qxc4+ Kb8 24. Rac1 Rc8 25. Qd3 Nb6 0-1


[Site "https://www.chess.com"]

[Event "Titled Tuesday Blitz November 01 Early 2022"]
[White "Selkirk, Rebecca"]
[Black "Besedes, Danilo"]
[WhiteFideId "14306514"]
[BlackFideId "946796"]
[WhiteElo "1649"]
[BlackElo "2352"]
[Result "0-1"]
[Round "01"]
[TimeControl "180+1"]
[Date "2022.11.02"]
[WhiteClock "0:00:58"]
[BlackClock "0:01:25"]

1. e4 d6 2. d4 e5 3. dxe5 dxe5 4. Qxd8+ Kxd8 5. Nf3 f6 6. Nc3 Be6 7. Be3 Nd7 8. O-O-O Kc8 9. a3 Bc5 10. Bxc5 Nxc5 11. h3 a5 12. Nh4 Ne7 13. g4 h5 14. gxh5 Rxh5 15. Nf3 g5 16. Be2 Rh6 17. h4 g4 18. Nd2 Ng6 19. Bc4 Bd7 20. Nd5 Nf4 21. Ne7+ Kd8 22. Nf5 Bxf5 23. exf5 Ke7 24. Nb3 Nxb3+ 25. Bxb3 Rah8 26. Rhg1 Rxh4 27. c3 Ne2+ 0-1


[Site "https://www.chess.com"]

[Event "Titled Tuesday Blitz November 01 Early 2022"]
[White "Sernecki, Franciszek"]
[Black "Makarian, Rudik"]
[WhiteFideId "1169297"]
[BlackFideId "44105681"]
[WhiteElo "2209"]
[BlackElo "2405"]
[Result "1/2-1/2"]
[Round "01"]
[TimeControl "180+1"]
[Date "2022.11.02"]
[WhiteClock "0:00:14"]
[BlackClock "0:00:03"]

1. c4 e6 2. e4 c5 3. Nc3 Nc6 4. g3 g6 5. Bg2 Bg7 6. Nge2 d6 7. O-O Nge7 8. a3 O-O 9. Rb1 a5 10. d3 b6 11. Be3 Bb7 12. d4 e5 13. d5 Nd4 14. b4 axb4 15. axb4 Ba6 16. b5 Bc8 17. Ra1 Rxa1 18. Qxa1 Bg4 19. f3 Nc2 20. Qc1 Nxe3 21. Qxe3 Bd7 22. Ra1 f5 23. Qd2 f4 24. g4 h5 25. h3 Kh7 26. Ra7 Ng8 27. Qa2 hxg4 28. hxg4 Bxg4 29. fxg4 f3 30. Ng3 fxg2 31. Qxg2 Nh6 32. Nce2 Qg5 33. Ra3 Nxg4 34. Rf3 Rxf3 35. Qxf3 Qe3+ 36. Kg2 Qg5 37. Kg1 Ne3 38. Qf7 Nxc4 39. Qe8 Nd2 40. Kf2 Qg4 41. Qe6 Qxe6 42. dxe6 Bf6 43. Ke3 Bg5+ 44. Kd3 Kg7 45. Nc3 Kf6 46. Nd5+ Kxe6 47. Nxb6 Bf4 48. Nh1 Nb3 49. Nd5 Na5 50. Nf2 Bh2 51. Nh3 Kd7 52. Kc3 Bg3 53. Nf6+ Kc7 54. Nd5+ Kb7 55. Ng5 Be1+ 56. Kc2 Kc8 57. Ne6 Kd7 58. Nf8+ Ke8 59. Nxg6 c4 60. Nge7 Nb7 61. Nf5 Kd7 62. Nfe3 Nc5 63. Nxc4 Nxe4 64. b6 Kc6 65. Nde3 Bf2 66. Ng4 Bxb6 67. Ngxe5+ dxe5 68. Nxe5+ Kd5 69. Nf3 Ba5 70. Kd3 Nc5+ 71. Ke2 Bc3 72. Nd2 Bf6 73. Nf3 Bg7 74. Nd2 Ne6 75. Nf3 Bh6 76. Nd2 Nc5 77. Nf3 Kc4 78. Ne1 Ne4 79. Kf3 Nf6 80. Ng2 Kd4 81. Nf4 Ke5 82. Ne2 Ne4 83. Ng3 Nd2+ 84. Kg4 Nc4 85. Kh5 Bf4 86. Kg4 Be3 87. Kf3 Bc1 88. Nf1 Bg5 89. Ke2 Bf4 90. Kf3 Kf5 91. Ke2 Ke4 92. Kf2 Ne5 93. Ke2 Nf3 94. Kf2 Nd4 95. Kg2 Nf5 96. Kf2 Bd6 97. Nd2+ Kd3 98. Nf1 Bc5+ 99. Kg2 Ke2 100. Ng3+ Ke3 101. Nxf5+ 1/2-1/2


[Site "https://www.chess.com"]

[Event "Titled Tuesday Blitz November 01 Early 2022"]
[White "Shandrygin, Nikita"]
[Black "Garayev, Kanan"]
[WhiteFideId "24198668"]
[BlackFideId "13406671"]
[WhiteElo "2323"]
[BlackElo "2244"]
[Result "0-1"]
[Round "01"]
[TimeControl "180+1"]
[Date "2022.11.02"]
[WhiteClock "0:00:05"]
[BlackClock "0:00:09"]

1. e4 e5 2. Nf3 Nf6 3. d4 Nxe4 4. Bd3 Nc6 5. dxe5 d5 6. exd6 Nxd6 7. O-O Be7 8. Nc3 O-O 9. Nd5 Bf5 10. Nxe7+ Nxe7 11. Bf4 Ng6 12. Bxd6 Bxd3 13. Qxd3 Qxd6 14. Qxd6 cxd6 15. Rad1 Rfd8 16. Nd4 Rac8 17. c3 a6 18. Rd2 d5 19. Rfd1 Rd7 20. Nb3 Ne7 21. f3 f6 22. Kf2 Kf7 23. g4 b6 24. h4 Rc4 25. Rd4 Rxd4 26. Nxd4 Ng6 27. Kg3 Ne5 28. Nf5 g6 29. Ne3 Ke6 30. f4 Nc6 31. f5+ gxf5 32. Nxf5 Ne5 33. Nd4+ Kf7 34. Rf1 Nc4 35. g5 Rd6 36. b3 Nd2 37. Rf4 Ne4+ 38. Kg4 Kg8 39. gxf6 Nxf6+ 40. Kf5 Ne4 41. Ke5 Rd8 42. Ne6 Re8 43. c4 Nc5 44. cxd5 Nd3+ 45. Ke4 Nxf4 46. Kxf4 Kf7 47. Ke5 Ke7 48. Ng5 Kd7+ 49. Kd4 h6 50. Ne4 Rf8 51. Ke5 Re8+ 52. Kf5 Rf8+ 53. Kg6 Rf4 54. Nf6+ Kd6 55. h5 Ke7 56. Ng8+ Kd6 57. Nxh6 Kxd5 58. Nf5 Ke5 59. Ne3 Ke6 60. h6 Re4 61. Nc4 Rg4+ 62. Kh5 Rg1 63. h7 Kf7 64. Ne5+ Kg7 65. h8=Q+ Kxh8 66. Nd7 b5 67. Nc5 a5 68. a4 b4 69. Nb7 Rc1 70. Kg4 Rc3 71. Nxa5 Rc5 72. Nc4 Rxc4+ 73. bxc4 b3 74. c5 b2 75. c6 b1=Q 76. c7 Qc2 77. c8=Q+ Qxc8+ 0-1


[Site "https://www.chess.com"]

[Event "Titled Tuesday Blitz November 01 Early 2022"]
[White "Shimelkov, Vasiliy"]
[Black "Fawzy, Adham"]
[WhiteFideId "13701630"]
[BlackFideId "10613129"]
[WhiteElo "2073"]
[BlackElo "2541"]
[Result "1/2-1/2"]
[Round "01"]
[TimeControl "180+1"]
[Date "2022.11.02"]
[WhiteClock "0:00:09"]
[BlackClock "0:00:09"]

1. d4 d5 2. Nf3 Nf6 3. c4 c6 4. Nc3 e6 5. Bg5 Nbd7 6. e3 Qa5 7. Nd2 Bb4 8. Qc2 dxc4 9. Bxf6 Nxf6 10. Nxc4 Qc7 11. Be2 O-O 12. O-O Be7 13. Rfd1 Bd7 14. h3 c5 15. Rac1 cxd4 16. exd4 Bc6 17. Ne5 Rfd8 18. a3 Qd6 19. b4 Bd5 20. Qb2 a6 21. Nxd5 Nxd5 22. Bf3 Rac8 23. Rc5 b6 24. Nc4 Qb8 25. Rxc8 Rxc8 26. Ne5 Qc7 27. Be2 b5 28. Nd3 Qc2 29. Rd2 Qxb2 30. Rxb2 Rc3 31. Nc5 Bxc5 32. dxc5 Rxa3 33. Bf3 Rc3 34. Bxd5 exd5 35. Ra2 g6 36. Rxa6 Rc4 37. Rd6 Rxb4 38. Rxd5 Rc4 39. c6 Rxc6 40. Rxb5 1/2-1/2


[Site "https://www.chess.com"]

[Event "Titled Tuesday Blitz November 01 Early 2022"]
[White "Shipov, Sergei"]
[Black "Begunov, Konstantin"]
[WhiteFideId "4113624"]
[BlackFideId "4118510"]
[WhiteElo "2762"]
[BlackElo "2225"]
[Result "1/2-1/2"]
[Round "01"]
[TimeControl "180+1"]
[Date "2022.11.02"]
[WhiteClock "0:00:19"]
[BlackClock "0:00:19"]

1. d4 d5 2. c4 c6 3. Nc3 Nf6 4. Nf3 dxc4 5. a4 Bg4 6. Ne5 Bh5 7. f3 Nfd7 8. Nxc4 e5 9. Ne4 Bb4+ 10. Bd2 Qe7 11. Bxb4 Qxb4+ 12. Qd2 Qxd2+ 13. Kxd2 exd4 14. Ned6+ Kd8 15. Nf5 Nc5 16. Nxd4 Nba6 17. e4 Kc7 18. Kc3 Rad8 19. Be2 Rxd4 20. Kxd4 Nb3+ 21. Kc3 Nxa1 22. Rxa1 f6 23. b4 Rd8 24. g4 Bf7 25. h4 c5 26. b5 Nb4 27. a5 Rd4 28. g5 f5 29. b6+ Kb8 30. Ne5 Na2+ 31. Rxa2 Bxa2 32. exf5 axb6 33. axb6 Rf4 34. Bd3 Bd5 35. Kd2 c4 36. Bc2 Rxh4 37. Ke3 Rh2 38. Be4 Bg8 39. f6 gxf6 40. gxf6 c3 41. f7 Bxf7 42. Nxf7 c2 43. Bxc2 Rxc2 44. Ng5 h6 45. Nf7 h5 46. f4 Rc6 47. f5 Rxb6 48. Kf4 Rb1 49. f6 Rf1+ 50. Ke5 h4 51. Nh6 h3 52. Nf5 h2 53. f7 h1=Q 54. f8=Q+ Ka7 55. Qa3+ Kb6 56. Qb4+ Ka6 57. Qa4+ Kb6 58. Qb4+ Ka7 59. Qa5+ Kb8 60. Qd8+ Ka7 61. Qa5+ Kb8 62. Qd8+ Ka7 63. Qa5+ 1/2-1/2


[Site "https://www.chess.com"]

[Event "Titled Tuesday Blitz November 01 Early 2022"]
[White "Shuvalova, Polina"]
[Black "Gu, Xiaobing"]
[WhiteFideId "24171760"]
[BlackFideId "8602611"]
[WhiteElo "2392"]
[BlackElo "2174"]
[Result "0-1"]
[Round "01"]
[TimeControl "180+1"]
[Date "2022.11.02"]
[WhiteClock "0:00:15"]
[BlackClock "0:00:08"]

1. d4 Nf6 2. Nf3 g6 3. g3 Bg7 4. Bg2 d6 5. O-O O-O 6. Re1 c5 7. c3 Qc7 8. a4 Bf5 9. Nh4 Bd7 10. e4 e5 11. d5 b5 12. axb5 Bxb5 13. Na3 Bd7 14. Nc4 Bg4 15. Qd3 a5 16. Bd2 Bc8 17. Qc2 Nbd7 18. h3 Ne8 19. g4 h6 20. Kh1 Kh7 21. Rg1 Qd8 22. Nf3 Ndf6 23. b4 cxb4 24. cxb4 a4 25. b5 Bd7 26. b6 Bb5 27. Rgb1 Qd7 28. b7 Rb8 29. Nb6 Qc7 30. Qxc7 Nxc7 31. Nxa4 Nxe4 32. Be3 Rxb7 33. Nb6 Bd3 34. Rd1 Be2 35. Re1 Bd3 36. Rad1 Ba6 37. Nxe5 Nxf2+ 38. Bxf2 Bxe5 39. Nd7 Re8 40. Nf6+ Bxf6 41. Rxe8 Nxe8 42. Re1 Nc7 43. Rc1 Rb2 44. Rxc7 Rxf2 45. Be4 Kg7 46. Rc6 Bf1 47. Rxd6 Be5 48. Rb6 Bxh3 49. d6 Rf1# 0-1


[Site "https://www.chess.com"]

[Event "Titled Tuesday Blitz November 01 Early 2022"]
[White "Skuhala, Jernej"]
[Black "Oganian, Miran"]
[WhiteFideId "14605651"]
[BlackFideId "4122488"]
[WhiteElo "2420"]
[BlackElo "2339"]
[Result "1-0"]
[Round "01"]
[TimeControl "180+1"]
[Date "2022.11.02"]
[WhiteClock "0:00:38"]
[BlackClock "0:01:13"]

1. e4 e6 2. d4 d5 3. Nd2 Nf6 4. e5 Nfd7 5. Bd3 c5 6. c3 Nc6 7. Ne2 cxd4 8. cxd4 f6 9. Nf4 Nxd4 10. Qh5+ Ke7 11. Ng6+ hxg6 12. exf6+ Nxf6 13. Qxh8 Kf7 14. O-O e5 15. Nf3 Nxf3+ 16. gxf3 Bf5 17. Bxf5 gxf5 18. Qh4 Be7 19. Bg5 Qh8 20. Rac1 Qxh4 21. Bxh4 Bd6 22. Bxf6 gxf6 23. Rfd1 Ke6 24. Kf1 e4 25. fxe4 fxe4 26. h3 f5 27. Ke2 f4 28. Rg1 f3+ 29. Ke3 Be5 30. b3 Kf5 31. Rc5 Rd8 32. h4 d4+ 33. Kd2 Kf4 34. Rg5 Re8 35. Ke1 e3 36. fxe3+ Ke4 37. Rcxe5+ Rxe5 38. Rxe5+ Kxe5 39. Kf2 d3 40. Kxf3 Kd5 41. h5 Ke5 42. e4 Kd4 43. h6 Kc3 44. h7 d2 45. h8=Q+ Kc2 46. Qc8+ Kb1 47. Ke2 1-0


[Site "https://www.chess.com"]

[Event "Titled Tuesday Blitz November 01 Early 2022"]
[White "Sourath Biswas"]
[Black "Mosutha, Thuso"]
[WhiteFideId "35091484"]
[BlackFideId "11302550"]
[WhiteElo "2164"]
[BlackElo "2028"]
[Result "1-0"]
[Round "01"]
[TimeControl "180+1"]
[Date "2022.11.02"]
[WhiteClock "0:00:33"]
[BlackClock "0:00:04"]

1. d4 d5 2. Bf4 c5 3. e3 Nc6 4. Nf3 Nf6 5. Nbd2 g6 6. dxc5 Bg7 7. c3 a5 8. Bb5 O-O 9. O-O Nh5 10. Bg5 h6 11. Bh4 g5 12. Nd4 Nf6 13. Bg3 Bd7 14. a4 Re8 15. Bxc6 Bxc6 16. Be5 Nd7 17. Bxg7 Kxg7 18. Nf5+ Kf6 19. Nxh6 Nxc5 20. Qh5 Rf8 21. Ng4+ Kf5 22. f4 Ke6 23. Ne5 f6 24. Qh3+ Kd6 25. Nef3 gxf4 26. exf4 Kc7 27. Nd4 e5 28. fxe5 fxe5 29. Qg3 Qd6 30. Nf5 Qe6 31. Rae1 Rxf5 32. Rxf5 Qxf5 33. Rxe5 Qc2 34. Re2+ Kd8 35. Qh4+ Kc7 36. Qf4+ Kd8 37. Qf8+ Kc7 38. Qxc5 Qd1+ 39. Kf2 Rd8 40. Nf3 Qd3 41. Re7+ Kb8 42. Qb6 Qc2+ 43. Re2 1-0


[Site "https://www.chess.com"]

[Event "Titled Tuesday Blitz November 01 Early 2022"]
[White "Storey, Charles H"]
[Black "Harsh Suresh"]
[WhiteFideId "406686"]
[BlackFideId "45018464"]
[WhiteElo "2252"]
[BlackElo "2180"]
[Result "0-1"]
[Round "01"]
[TimeControl "180+1"]
[Date "2022.11.02"]
[WhiteClock "0:00:11"]
[BlackClock "0:00:19"]

1. e4 g6 2. d4 Bg7 3. Nc3 d6 4. Nf3 a6 5. a4 Nf6 6. h3 O-O 7. Bg5 Nc6 8. Qd2 e5 9. d5 Ne7 10. Bh6 Nh5 11. Bxg7 Kxg7 12. g3 h6 13. Be2 Nf6 14. g4 Nh7 15. Rg1 g5 16. Nd1 Ng6 17. Ne3 Nf4 18. Bf1 f6 19. Nf5+ Bxf5 20. gxf5 Kf7 21. O-O-O Qd7 22. a5 Rg8 23. Kb1 Qa4 24. Re1 Nf8 25. b3 Qe8 26. Qb4 Rb8 27. Nd2 Nd7 28. h4 Ke7 29. hxg5 hxg5 30. Nc4 Rh8 31. Bd3 Rh2 32. Rh1 Qh5 33. Rxh2 Qxh2 34. Qd2 Rh8 35. Ne3 Rh3 36. Bf1 Rf3 37. b4 Qxf2 38. Qxf2 Rxf2 39. Bd3 Rh2 40. Ng4 Rh4 41. Ne3 Nf8 42. b5 axb5 43. Bxb5 Nh7 44. Bd3 Rh3 45. Nc4 g4 46. Rd1 Ng5 47. Na3 g3 48. Rg1 g2 49. Nc4 Rh1 0-1


[Site "https://www.chess.com"]

[Event "Titled Tuesday Blitz November 01 Early 2022"]
[White "Stribuk, Artiom"]
[Black "Malka, Samuel"]
[WhiteFideId "13515659"]
[BlackFideId "20643675"]
[WhiteElo "2279"]
[BlackElo "2464"]
[Result "1-0"]
[Round "01"]
[TimeControl "180+1"]
[Date "2022.11.02"]
[WhiteClock "0:00:05"]
[BlackClock "0:00:07"]

1. d4 Nf6 2. c4 g6 3. g3 Bg7 4. Bg2 O-O 5. Nc3 Nc6 6. Nf3 d6 7. O-O e5 8. dxe5 dxe5 9. Bg5 h6 10. Qxd8 Rxd8 11. Bxf6 Bxf6 12. Nd5 Kg7 13. Nxc7 Rb8 14. e4 Be7 15. Nd5 Bc5 16. a3 a5 17. h3 Be6 18. Rfd1 a4 19. Rd2 Na5 20. Rc2 f6 21. Rd1 Nb3 22. Bf1 Nd4 23. Nxd4 Bxd4 24. Kg2 Kf7 25. Be2 Rdc8 26. Rdc1 Rc6 27. h4 Rbc8 28. h5 g5 29. Bd3 g4 30. Be2 f5 31. Nb4 Rc5 32. Nd3 R5c7 33. exf5 Bxf5 34. Rd2 Rd7 35. Nb4 Be4+ 36. Kf1 Rcd8 37. Bxg4 Rd6 38. Rcd1 Kf6 39. Be2 Kg5 40. Nc2 Bxc2 41. Rxc2 Rf8 42. f3 Rdf6 43. Kg2 Bc5 44. Rd5 Bd4 45. Rd2 Rf5 46. f4+ exf4 47. Rxf5+ Kxf5 48. Rxd4 fxg3 49. Kxg3 Ke5 50. Rg4 Rd8 51. Bf3 Rd2 52. Bxb7 Rxb2 53. Bf3 Rb3 54. Rg6 Rxa3 55. Rxh6 Rc3 56. Ra6 a3 57. h6 Rxc4 58. Rxa3 Rc8 59. Ra7 Rh8 60. h7 Kf6 61. Be4 Kg5 62. Rf7 Kh6 63. Kf4 Re8 64. Bf5 Rh8 65. Ra7 Rf8 66. Re7 Rh8 67. Ke5 Rf8 68. Ke6 Rh8 69. Kf7 Kg5 70. Bg6 Kh6 71. Kf6 Rf8+ 72. Rf7 Rh8 73. Bf5 Rd8 74. Ke7 Rh8 75. Be4 Kg5 76. Rf8 1-0


[Site "https://www.chess.com"]

[Event "Titled Tuesday Blitz November 01 Early 2022"]
[White "Suder, Jakub"]
[Black "Zaichenko, Daria"]
[WhiteFideId "1195310"]
[BlackFideId "4197453"]
[WhiteElo "2174"]
[BlackElo "2039"]
[Result "1-0"]
[Round "01"]
[TimeControl "180+1"]
[Date "2022.11.02"]
[WhiteClock "0:02:07"]
[BlackClock "0:00:23"]

1. d4 d5 2. c4 e6 3. Nc3 Be7 4. cxd5 exd5 5. Bf4 c6 6. e3 Bf5 7. g4 Be6 8. h4 Bxh4 9. Qb3 g5 10. Be5 f6 11. Qxb7 Nd7 12. Qxc6 Qb6 13. Qxa8+ Kf7 14. O-O-O fxe5 15. Nf3 Bxf2 16. Nxg5+ Ke7 17. Nxe6 Bxe3+ 18. Kb1 Kxe6 19. Qxd5+ Ke7 20. Qxg8 Rxg8 21. Nd5+ Ke6 22. Nxb6 Nxb6 23. dxe5 h6 24. Re1 Bg5 25. Rh3 Rd8 26. Rd3 Rxd3 27. Bxd3 Bf4 28. Bf5+ Ke7 29. e6 Bg5 30. b3 Nd5 31. Kc2 Ne3+ 32. Kd3 Nxf5 33. gxf5 h5 34. Ke4 h4 35. Rh1 Kd6 36. b4 a6 37. a4 Be7 38. b5 axb5 39. axb5 Bf6 40. b6 Kc6 41. Rb1 Kb7 42. Kd5 Be7 43. Ke5 h3 44. f6 1-0


[Site "https://www.chess.com"]

[Event "Titled Tuesday Blitz November 01 Early 2022"]
[White "Suleymanli, Aydin"]
[Black "Winterberg, Lukas"]
[WhiteFideId "13413937"]
[BlackFideId "24622702"]
[WhiteElo "2481"]
[BlackElo "2349"]
[Result "1-0"]
[Round "01"]
[TimeControl "180+1"]
[Date "2022.11.01"]
[WhiteClock "0:00:54"]
[BlackClock "0:00:21"]

1. e4 e6 2. d4 d5 3. Nc3 Nf6 4. e5 Nfd7 5. f4 c5 6. Nf3 Nc6 7. Be3 a6 8. Be2 cxd4 9. Nxd4 Bc5 10. Qd2 O-O 11. a3 Nxd4 12. Bxd4 b5 13. O-O Qb6 14. Rad1 Bb7 15. Kh1 Bxd4 16. Qxd4 Qxd4 17. Rxd4 Nb6 18. b3 Rfc8 19. Rf3 Rc7 20. Bd1 Rac8 21. Ne2 Nd7 22. Kg1 f6 23. Re3 fxe5 24. fxe5 Nc5 25. Nf4 Re8 26. Rc3 Rcc8 27. Bg4 Kf7 28. Rh3 Nd7 29. Bh5+ g6 30. Bxg6+ Kf8 31. Bxe8 1-0


[Site "https://www.chess.com"]

[Event "Titled Tuesday Blitz November 01 Early 2022"]
[White "Szente Varga, Fruzsina"]
[Black "Volkov, Maksim"]
[WhiteFideId "712264"]
[BlackFideId "54123070"]
[WhiteElo "1994"]
[BlackElo "2257"]
[Result "0-1"]
[Round "01"]
[TimeControl "180+1"]
[Date "2022.11.02"]
[WhiteClock "0:00:14"]
[BlackClock "0:01:08"]

1. e4 c5 2. Nf3 d6 3. d4 cxd4 4. Qxd4 Nc6 5. Bb5 Bd7 6. Qd3 Nf6 7. c4 g6 8. Nc3 Bg7 9. O-O O-O 10. Rb1 a6 11. Bxc6 Bxc6 12. b4 Nd7 13. Nd4 Ne5 14. Qe2 Bd7 15. f4 Ng4 16. Rd1 Qb6 17. Be3 Nxe3 18. Qxe3 Rac8 19. Nd5 Qd8 20. Qd3 e6 21. Ne3 h5 22. f5 Qg5 23. Nf3 Qf4 24. Rb3 Ba4 25. Qxd6 Qxe4 26. Rbd3 Bxd1 27. Nxd1 gxf5 28. c5 Qxb4 29. Ng5 Qxc5+ 30. Qxc5 Rxc5 0-1


[Site "https://www.chess.com"]

[Event "Titled Tuesday Blitz November 01 Early 2022"]
[White "Tarasova, Viktoriya"]
[Black "Stoyanov, Tsvetan"]
[WhiteFideId "4175840"]
[BlackFideId "2917173"]
[WhiteElo "2182"]
[BlackElo "2349"]
[Result "0-1"]
[Round "01"]
[TimeControl "180+1"]
[Date "2022.11.02"]
[WhiteClock "0:00:07"]
[BlackClock "0:00:08"]

1. d4 Nf6 2. c4 e6 3. Nc3 Bb4 4. Nf3 O-O 5. Bg5 d5 6. cxd5 exd5 7. Qc2 h6 8. Bh4 Be7 9. e3 c6 10. Bd3 Nbd7 11. O-O a5 12. Rab1 Re8 13. a3 b5 14. h3 Qb6 15. Rfc1 Bb7 16. Ne2 c5 17. Bxf6 gxf6 18. Bf5 Red8 19. Bxd7 Rxd7 20. dxc5 Qa7 21. c6 Rc8 22. cxd7 Rxc2 23. Rxc2 Qb6 24. Rbc1 Kh7 25. Ned4 Bd8 26. Rc8 b4 27. a4 Be7 28. Nf5 Qe6 29. Nxe7 Qxd7 30. R8c7 Qxa4 31. Nf5 Ba6 32. Rxf7+ Kg6 33. g4 Kxf7 34. Nxh6+ Ke7 35. Nf5+ Kd7 36. N3d4 Qa2 37. Rc5 Qxb2 38. Rxd5+ Kc7 39. Rc5+ Kb6 40. Rc6+ Ka7 41. Rxf6 a4 42. Rf7+ Kb6 43. Rf6+ Ka7 44. Rf7+ Bb7 45. Nd6 Qc1+ 46. Kh2 Qh1+ 47. Kg3 Qg2+ 48. Kh4 b3 49. N4b5+ Kb6 50. Nc3 Bd5 51. Nxa4+ Ka5 52. Nc3 Bxf7 0-1


[Site "https://www.chess.com"]

[Event "Titled Tuesday Blitz November 01 Early 2022"]
[White "Terry, Renato"]
[Black "Nozdrachev, Leonid"]
[WhiteFideId "3803457"]
[BlackFideId "24113433"]
[WhiteElo "2577"]
[BlackElo "2249"]
[Result "1-0"]
[Round "01"]
[TimeControl "180+1"]
[Date "2022.11.01"]
[WhiteClock "0:00:53"]
[BlackClock "0:00:07"]

1. e4 c6 2. Nf3 d5 3. exd5 cxd5 4. Ne5 Nc6 5. d4 g6 6. Bb5 Bd7 7. Nxd7 Qxd7 8. c3 Bg7 9. O-O Nf6 10. Nd2 O-O 11. Re1 Rfe8 12. Nf3 Ne4 13. Ne5 Bxe5 14. dxe5 Rad8 15. f3 Nc5 16. Be3 b6 17. b4 Ne6 18. Qa4 Rc8 19. Rad1 Red8 20. Rd2 Qc7 21. f4 d4 22. cxd4 Ncxd4 23. Ba6 b5 24. Qa5 Qxa5 25. bxa5 Rc2 26. Red1 Rxd2 27. Rxd2 Kf8 28. Kf2 Ke8 29. g4 Nc5 30. Rxd4 Rxd4 31. Bxd4 Nxa6 32. Bxa7 Kd7 33. a3 e6 34. Ke3 Kc6 35. Kd4 Nc7 36. Ke4 Nd5 37. f5 gxf5+ 38. gxf5 Nc7 39. f6 Nd5 40. Bd4 b4 41. axb4 Nxb4 42. Bc3 Nd5 43. Bd2 Kb5 44. Kf3 h5 45. Kg3 Kc4 46. a6 Nc7 47. a7 Kd5 48. Ba5 Na8 49. Bc3 Kc4 50. Ba1 Kc5 51. Kh4 Nc7 52. Kxh5 Kb6 53. Bd4+ Kb7 54. Kh6 Nb5 55. Bc5 Nc3 56. Kg7 Ne4 57. Be3 Nc3 58. Kxf7 Nd5 59. Bc5 Ka8 60. Kxe6 Nxf6 61. exf6 Kb7 62. f7 Kc6 63. f8=Q Kb7 64. Qb8+ 1-0


[Site "https://www.chess.com"]